 Dungeon Crawl Stone Soup version 0.17-a0-1617-gfba1302 (webtiles) character file.

31885 karlkraus the Peltast (level 13, -7/117 HPs)
             Began as a Minotaur Fighter on Aug 1, 2015.
             Was the Champion of Cheibriados.
             Splashed by an oklob plant's acid (12 damage)
             ... on level 5 of the Lair of Beasts.
             The game lasted 00:30:20 (10057 turns).

karlkraus the Peltast (Minotaur Fighter)           Turns: 10057, Time: 00:30:20

Health: -7/117     AC: -2    Str: 42    XL:     13   Next: 28%
Magic:  12/12      EV: 15    Int: 20    God:    Cheibriados [******]
Gold:   904        SH: 18    Dex: 24    Spells: 0 memorised, 12 levels left

rFire  x . .     SeeInvis .     b - +4 flail (venom)
rCold  + . .     Clarity  .     E - +1 plate armour
rNeg   . . .     SustAt   .     c - +1 shield
rPois  .         Gourm    +     (helmet restricted)
rElec  .         Spirit   .     (no cloak)
rCorr  .         Warding  .     m - +0 pair of gloves
rMut   .         Stasis   .     l - +2 pair of boots
MR     +....                    a - amulet of the gourmand
Stlth  ..........               O - ring of protection from magic
                                p - ring of ice

@: corroded equipment, very slow, somewhat resistant to hostile enchantments,
extremely unstealthy
A: retaliatory headbutt, horns 2
a: Bend Time, Temporal Distortion, Slouch, Step From Time, Renounce Religion


You were on level 5 of the Lair of Beasts.
You worshipped Cheibriados.
Cheibriados was exalted by your worship.
You were full.

You visited 2 branches of the dungeon, and saw 15 of its levels.

You collected 904 gold pieces.

Inventory:

Hand weapons
 b - a +4 flail of venom (weapon)
Armour
 c - a +1 shield (worn)
 l - a +2 pair of boots (worn)
 m - a +0 pair of gloves (worn)
 E - a +1 plate armour (worn)
Jewellery
 a - an amulet of the gourmand (around neck)
 p - a ring of ice (left hand)
 q - an uncursed ring of teleportation
 r - an uncursed amulet of resist corrosion
 t - an uncursed ring of see invisible {unknown}
 v - an uncursed ring of ice
 y - an uncursed ring of fire
 C - an uncursed ring of protection from cold
 J - an uncursed ring of fire
 O - a ring of protection from magic (right hand)
Magical devices
 g - a wand of confusion (18)
 u - a wand of draining (7)
 K - a wand of random effects (24)
Scrolls
 f - 6 scrolls of remove curse
 k - 3 scrolls of teleportation
 B - 2 scrolls of fear
 F - a scroll of magic mapping {unknown}
 I - a scroll of recharging
Potions
 d - 3 potions of might
 h - 8 potions of curing
 i - 2 potions of agility
 j - 4 potions of ambrosia
 o - 2 potions of cancellation
 x - a potion of lignification
 A - a potion of mutation {unknown}
 D - a potion of flight
 H - a potion of invisibility
 L - a potion of cure mutation {unknown}
 M - a potion of brilliance
Books
 n - an Akashic Record

   Spells                             Type                      Level
   a - Dispersal                      Translocation                6
   b - Controlled Blink               Translocation                7
   c - Malign Gateway                 Summoning/Translocation      7
   d - Disjunction                    Translocation                8
Comestibles
 e - 8 bread rations
 s - 3 beef jerkies
 z - 2 slices of pizza
 G - 3 meat rations
 N - a royal jelly


   Skills:
 + Level 11.8 Fighting
 + Level 13.9 Maces & Flails
 + Level 12.0 Armour
 + Level 6.0 Dodging
 + Level 1.8 Stealth
 + Level 15.0 Shields


You had 12 spell levels left.
You didn't know any spells.

Dungeon Overview and Level Annotations

Branches:
Dungeon (10/15)            Temple (0/1) D:5            Lair (5/8) D:10
  Snake (0/4) Lair:4
  Swamp: Lair:3-6    Shoals: Lair:3-6       Orc: D:9-12

Altars:
Cheibriados
Dithmenos
Elyvilon
Kikubaaqudgha
Makhleb
Nemelex Xobeh
Okawaru
Sif Muna
Vehumet

Annotations:
Lair:5 exclusion: oklob plant


Innate Abilities, Weirdness & Mutations

You reflexively headbutt those who attack you in melee.
You have a pair of horns on your head.


Message History

The bush is lightly damaged.
The oklob plant spits acid at you. The splash of acid hits you!
* * * LOW HITPOINT WARNING * * *
The acid corrodes you!
The acid burns!
* * * LOW HITPOINT WARNING * * *
Drink which item? (? for menu, Esc to quit)
You feel much better. The oklob plant spits acid at you.
The splash of acid hits you!
* * * LOW HITPOINT WARNING * * *
The acid corrodes you!
The acid burns!
* * * LOW HITPOINT WARNING * * *
The oklob plant spits acid at you. You block the splash of acid.
The acid corrodes you! The oklob plant spits acid at you.
The splash of acid hits you!
* * * LOW HITPOINT WARNING * * *
The acid burns!
You die...

#.........#.#..####.###
....^.............#...#
#....................
.#...P..##.....#..#
##...P.P####.#....#
#......## #####.##
......... ##.#
P#......## ####..###
........# #.#..@..#
P........ ##......#
..##.< #.....PP# .##
#.PPP.### .## #.$PPP)#
..##. ....PPP..# ......
.....# ...#
...........# #...
P#..#.#.#.# #....


You could see an oklob plant.

Vanquished Creatures
  Erolcha (D:8)
  Fannar (Lair:3)
  A naga warrior (Lair:4)
  3 hydras
  The ghost of Bodrick the Grappler, an experienced TrMo of Xom (Lair:3)
  The ghost of Conn321 the Ogre Mage, an experienced OgFE of Cheibriados (D:6)
  11 spiny frogs
  5 black mambas
  A gargoyle (D:9)
  4 komodo dragons
  A troll (D:10)
  A boulder beetle (Lair:4)
  20 blink frogs
  27 yaks
  A deep elf mage (D:10)
  5 hippogriffs
  3 wyverns
  Grum (D:8)
  10 wolves
  A basilisk (Lair:3)
  A steam dragon (D:10)
  6 nagas (Lair:4)
  15 water moccasins
  8 porcupines
  A black bear (D:7)
  4 orc warriors
  3 ice beasts
  3 phantoms
  3 sky beasts
  6 ogres
  An eye of draining (D:8)
  7 centaurs
  13 crocodiles
  7 giant frogs
  2 scorpions
  3 wights (D:7)
  14 killer bees (D:9)
  6 crimson imps
  3 giant frog zombies
  2 centaur zombies
  3 orc priests (D:8)
  A giant frog skeleton (D:3)
  A wasp zombie (D:10)
  A centaur skeleton (D:9)
  2 quasits
  Ijyb (D:3)
  A gnoll shaman (D:5)
  3 hounds
  11 orc wizards
  Jessica (D:3)
  Terence (D:3)
  6 iguanas
  7 worker ants
  8 sheep (Lair:1)
  5 gnolls (D:5)
  20 river rats
  A worker ant zombie (D:7)
  2 shadow imps
  15 adders
  An adder skeleton (D:6)
  3 worms
  4 giant geckos
  37 orcs
  3 ball pythons
  12 bats
  5 giant cockroaches
  8 hobgoblins
  3 jackals (D:7)
  5 kobolds
  5 quokkas
  7 giant newts
  6 goblins
  A jackal skeleton (D:4)
  2 quokka skeletons
  5 rats
  A fungus (Lair:4)
405 creatures vanquished.

Vanquished Creatures (others)
  17 fungi
  6 plants
23 creatures vanquished.

Grand Total: 428 creatures vanquished

Notes
Turn   | Place    | Note
--------------------------------------------------------------
     0 | D:1      | karlkraus the Minotaur Fighter began the quest for the Orb.
     0 | D:1      | Reached XP level 1. HP: 19/19 MP: 0/0
   243 | D:1      | Found a snail-covered altar of Cheibriados.
   362 | D:1      | Reached skill level 4 in Armour
   362 | D:1      | Reached XP level 2. HP: 27/27 MP: 1/1
   409 | D:1      | Became a worshipper of Cheibriados the Contemplative
   972 | D:2      | Reached XP level 3. HP: 25/33 MP: 2/2
  1116 | D:2      | Acquired Cheibriados's first power
  1234 | D:2      | Found a white marble altar of Elyvilon.
  1411 | D:3      | Found a sparkling altar of Nemelex Xobeh.
  1446 | D:3      | Reached XP level 4. HP: 39/41 MP: 3/3
  1451 | D:3      | You fall through a shaft!
  1597 | D:3      | Noticed Jessica
  1599 | D:3      | Killed Jessica
  1721 | D:3      | Noticed Ijyb
  1730 | D:3      | Killed Ijyb
  1747 | D:3      | Reached XP level 5. HP: 27/47 MP: 4/4
  1807 | D:3      | Noticed Terence
  1815 | D:3      | Killed Terence
  1815 | D:3      | Reached skill level 5 in Armour
  2420 | D:4      | Reached skill level 1 in Dodging
  2475 | D:4      | Found a white marble altar of Elyvilon.
  2475 | D:4      | Found an iron altar of Okawaru.
  2517 | D:4      | Reached skill level 5 in Shields
  2527 | D:4      | Reached XP level 6. HP: 36/55 MP: 5/5
  2585 | D:4      | Reached skill level 5 in Fighting
  2816 | D:4      | Noticed an ogre
  2820 | D:4      | Killed an ogre
  2882 | D:5      | Entered Level 5 of the Dungeon
  2924 | D:5      | Reached XP level 7. HP: 61/61 MP: 6/6
  3044 | D:5      | Reached skill level 6 in Shields
  3080 | D:5      | Found a staircase to the Ecumenical Temple.
  3102 | D:5      | Acquired Cheibriados's second power
  3102 | D:5      | Reached skill level 5 in Maces & Flails
  3217 | D:5      | Reached skill level 1 in Stealth
  3329 | D:5      | Found an ancient bone altar of Kikubaaqudgha.
  3329 | D:5      | Found a deep blue altar of Sif Muna.
  3465 | D:6      | Reached XP level 8. HP: 54/70 MP: 7/7
  3488 | D:6      | Reached skill level 7 in Shields
  3556 | D:6      | Noticed Conn321's ghost (experienced OgFE)
  3564 | D:6      | Killed Conn321's ghost
  3847 | D:6      | Reached XP level 9. HP: 79/79 MP: 8/8
  3852 | D:6      | Found a deep blue altar of Sif Muna.
  3885 | D:6      | Acquired Cheibriados's third power
  4014 | D:7      | Reached skill level 8 in Shields
  4396 | D:7      | Found a burning altar of Makhleb.
  4396 | D:7      | Found a radiant altar of Vehumet.
  4471 | D:7      | Acquired Cheibriados's fourth power
  4563 | D:7      | Found a shadowy altar of Dithmenos.
  4708 | D:8      | Reached skill level 9 in Maces & Flails
  4793 | D:8      | Noticed Erolcha
  4807 | D:8      | Killed Erolcha
  4807 | D:8      | Reached XP level 10. HP: 70/88 MP: 9/9
  5134 | D:8      | Noticed Grum
  5140 | D:8      | Killed Grum
  5140 | D:8      | Reached skill level 10 in Shields
  5188 | D:8      | Reached skill level 5 in Dodging
  5717 | D:9      | Reached skill level 10 in Maces & Flails
  6136 | D:9      | Reached skill level 11 in Shields
  6310 | D:10     | Entered Level 10 of the Dungeon
  6404 | D:10     | Reached XP level 11. HP: 86/97 MP: 10/10
  6443 | D:10     | Reached skill level 10 in Armour
  6446 | D:10     | Found a staircase to the Lair.
  6820 | Lair:1   | Entered Level 1 of the Lair of Beasts
  6853 | Lair:1   | Reached skill level 10 in Fighting
  6859 | Lair:1   | Reached skill level 12 in Shields
  7700 | Lair:1   | Upgraded the game from 0.17-a0-1596-g1e86911 to 0.17-a0-1617-gfba1302
  7736 | Lair:2   | Reached skill level 13 in Shields
  7742 | Lair:2   | Reached XP level 12. HP: 87/108 MP: 11/11
  7804 | Lair:2   | Noticed a five-headed hydra
  7810 | Lair:2   | Killed a five-headed hydra
  8606 | Lair:3   | Noticed Bodrick's ghost (experienced TrMo)
  8615 | Lair:3   | Killed Bodrick's ghost
  8829 | Lair:3   | Noticed Fannar
  8842 | Lair:3   | Killed Fannar
  8842 | Lair:3   | Reached skill level 14 in Shields
  9280 | Lair:4   | Noticed a naga warrior
  9308 | Lair:4   | Killed a naga warrior
  9321 | Lair:4   | Reached XP level 13. HP: 59/117 MP: 12/12
  9323 | Lair:4   | Found a staircase to the Snake Pit.
  9550 | Lair:4   | Noticed a four-headed hydra
  9555 | Lair:4   | Killed a four-headed hydra
  9951 | Lair:5   | Reached skill level 15 in Shields
 10057 | Lair:5   | HP: 5/117 [oklob plant/splash of acid (18)]
 10057 | Lair:5   | Splashed by an oklob plant's acid

Vault maps used:
D:1:      matt_arrival_grand_opening, cheibriados_altar_1
D:2:      elyvilon_altar_1
D:3:      nicolae_overflow_crystal_walls, first_bread, uniq_terence, uniq_iyjb,
          uniq_jessica
D:4:      gammafunk_temple_overflow_wave
D:5:      gammafunk_temple_overflow_statue, minmay_temple_entry_glassed_door,
          item_on_display_a
D:6:      kennysheep_orc_sif_temple
D:7:      grunt_temple_overflow_lords_of_destruction,
          grunt_dithmenos_smoke_and_mirrors
D:8:      uniq_grum, uniq_erolcha
D:10:     lair_0_dummy, special_room, grunt_livestock, minivault_25,
          roderic_batcave, grunt_decor_resistance
Lair:1:   forest_paths, cheibrodos_lair_reptile_den
Lair:2:   st_stairs_12, infiniplex_staircase_pool, grunt_megastairs_2
Lair:3:   uniq_fannar
Lair:4:   minmay_snake_entry_guardpost_large
Lair:5:   minmay_lair_oklob_bushes

Action                   |  1- 3 |  4- 6 |  7- 9 | 10-12 | 13-15 || total
-------------------------+-------+-------+-------+-------+-------++-------
Melee: Flail             |    92 |    91 |   205 |   576 |    89 ||  1053
  Use: Scroll            |       |     3 |     3 |    17 |       ||    23
       Potion            |       |       |     1 |     4 |     2 ||     7
  Eat: Chunk             |     1 |     3 |     4 |    16 |       ||    24
